 Seeded DCSS version 0.28.0-45-g0d030f2227 (webtiles) character file.

Game seed: 14447413411792647702 (custom seed)

800 zeratav the Cleaver (level 7, -2/64 HPs)
             Began as a Hill Orc Fighter on Apr 21, 2022.
             Slain by an orc warrior
             ... wielding a +0 broad axe
              (11 damage)
             ... on level 4 of the Dungeon.
             The game lasted 00:05:01 (4696 turns).

zeratav the Cleaver (Hill Orc Fighter)              Turns: 4696, Time: 00:05:02

Health: -2/64      AC:  6    Str: 21    XL:     7   Next: 90%
Magic:  7/7        EV:  9    Int:  8    God:
Gold:   151        SH:  4    Dex: 10    Spells: 6/6 levels left

rFire   . . .      SeeInvis .   a - +1 war axe (vamp) {axe}
rCold   . . .      Faith    .   c - +0 buckler
rNeg    + . .      Spirit   .   b - +0 scale mail
rPois   .          Reflect  .   (no helmet)
rElec   .          Harm     .   (no cloak)
rCorr   .          Rampage  .   (no gloves)
Will    .....                   (no boots)
Stlth   ..........              (no amulet)
HPRegen 0.20/turn               g - ring of positive energy
MPRegen 0.10/turn               (no ring)

@: mighty
A: no striking features
a: no special abilities


You were on level 4 of the Dungeon.
You visited 1 branch of the dungeon, and saw 5 of its levels.

You collected 151 gold pieces.


   Skills:
 + Level 6.3 Fighting
 - Level 10.0 Axes
 - Level 3.2 Armour
 - Level 3.2 Shields


You had 6 spell levels left.
You didn't know any spells.
Your spell library contained the following spells:

 Spells                   Type           Power      Damage    Failure   Level
 Animate Skeleton         Necr           0%         N/A       83%         1
 Apportation              Tloc           0%         N/A       83%         1
 Foxfire                  Conj/Fire      0%         2x1d4     83%         1
 Summon Small Mammal      Summ           0%         N/A       83%         1
 Gell's Gravitas          Tloc           0%         N/A       99%         3
 Lesser Beckoning         Tloc           0%         N/A       99%         3
 Teleport Other           Tloc           0%         N/A       99%         3

Inventory:

Hand Weapons
 a - a +1 vampiric war axe (weapon) {axe}
Armour
 b - a +0 scale mail (worn)
 c - a +0 buckler (worn)
Jewellery
 g - a ring of positive energy (left hand)
   (You found it on level 1 of the Dungeon)
 i - a ring of fire
   (You found it on level 3 of the Dungeon)
Scrolls
 j - a scroll of blinking {unknown}
 k - 2 scrolls of teleportation {unknown}
 l - a scroll of vulnerability {unknown}
 n - 2 scrolls of enchant armour {unknown}
 o - 2 scrolls of identify {unknown}
 p - a scroll of noise {unknown}
Potions
 d - a potion of might
 e - 2 potions of heal wounds {unknown}
 f - a potion of resistance {unknown}
 h - a potion of brilliance {unknown}
 m - a potion of curing {unknown}
 q - a potion of attraction {unknown}

Dungeon Overview and Level Annotations

Branches:
Dungeon (5/15)
 Temple: D:4-7

Altars:
Dithmenos
Xom
The Shining One

Shops:
D:4

[ #.........# #≈..○..≈.
#.........# #≈.....≈.
#........<######≈≈...≈≈.
#............<...≈≈≈≈≈##
#........######....##.##
#......### #...##.##.#
#......# #.####..#.#
#......######.# ##...#
#.....o@).....# #####
#......######## #......#
#......# #......#
#......# #......#
########


You could see an orc warrior.


Message History

The water moccasin zombie bites you but does no damage.
You slice the water moccasin zombie!!
The water moccasin zombie bites you but does no damage.
The water moccasin zombie bites you.
HP[-5]
You take 5 damage, and now have 57/62 hp.
You completely miss the water moccasin zombie.
The water moccasin zombie bites you.
HP[-5]
You take 5 damage, and now have 52/62 hp.
You barely miss the water moccasin zombie.
The water moccasin zombie closely misses you.
You slash the water moccasin zombie!
You block the water moccasin zombie's attack.
You hit the water moccasin zombie.
The water moccasin zombie barely misses you.
The water moccasin zombie closely misses you.
You hit the water moccasin zombie.
The water moccasin zombie barely misses you.
HP[+1]
You closely miss the water moccasin zombie.
The water moccasin zombie barely misses you.
You hit the water moccasin zombie.
The water moccasin zombie bites you but does no damage.
The water moccasin zombie bites you.
HP[-1]
You take 1 damage, and now have 52/62 hp.
You closely miss the water moccasin zombie.
The water moccasin zombie bites you.
HP[-2]
You take 2 damage, and now have 50/62 hp.
You hit the water moccasin zombie.
You destroy the water moccasin zombie!
Your Fighting skill increases to level 6!
HP[+2]
You now have 64 max hp (+2).
You regained 2 hp, and now have 52/64 hp.
No target in view!
No target in view!
No target in view!
No target in view!
An orc warrior and 2 orcs come into view.
The orc warrior shouts!
The orc shouts! x2; You hear a shout!
HP[+12]
Your hp is fully restored (64).
You slash the orc!
You kill the orc!
An orc priest comes into view. It is wielding a +3 vorpal falchion.
The orc priest shouts, "Surrender to Beogh and we'll let you live!" (press Y on the ability menu to convert to Beogh)
You slash the orc!
You kill the orc!
The orc warrior hits you with a +0 broad axe!!
Items here: )) [ ††.
HP[-19]
You take 19 damage, and now have 45/64 hp.
MASSIVE DAMAGE!! (PAUSE) HP[+1]
The orc priest mumbles some strange prayers to Beogh against you.
Pain shoots through your body!
HP[-2]
You take 2 damage, and now have 44/64 hp.
The orc priest calls down the wrath of Beogh upon you.
Beogh smites you!
* * * LOW HITPOINT WARNING * * *
HP[-15]
You take 15 damage, and now have 29/64 hp.
MASSIVE DAMAGE!! (PAUSE) HP[+1]
There is a stone staircase leading up here.
The orc warrior hits you with a +0 broad axe!
* * * LOW HITPOINT WARNING * * *
The orc priest begins to cast a cantrip, but forgets the words!
You climb upwards.
There is a stone staircase leading down, spattered with blood here.
HP[-6]
You take 6 damage, and now have 24/64 hp.
You feel very mighty all of a sudden.
The orc warrior hits you with a +0 broad axe.
* * * LOW HITPOINT WARNING * * *
HP[-6]
You take 6 damage, and now have 18/64 hp.
You barely miss the orc warrior. The orc warrior closely misses you.
You barely miss the orc warrior.
The orc warrior hits you with a +0 broad axe!
* * * LOW HITPOINT WARNING * * *
HP[-8]
You take 8 damage, and now have 10/64 hp.
You barely miss the orc warrior.
The orc warrior hits you with a +0 broad axe!
* * * LOW HITPOINT WARNING * * *
HP[-9]
You take 9 damage, and now have 1/64 hp.
You slash the orc warrior!
You feel better. The orc warrior closely misses you.
HP[+8]
You regained 8 hp, and now have 9/64 hp.
Unknown command.
You barely miss the orc warrior.
The orc warrior hits you with a +0 broad axe!
You die...

Skill      XL: |  1  2  3  4  5  6  7 |
---------------+----------------------+-----
Axes           | 3 4 5 7 8 9 10 | 10.0
Fighting       | 6 |  6.3
Armour         | |  3.2
Shields        | |  3.2

Action                   |  1- 3 |  4- 6 |  7- 9 || total
-------------------------+-------+-------+-------++-------
Melee: War axe           |    62 |   103 |    69 ||   234
  Use: Scroll            |     2 |       |       ||     2
       Potion            |       |       |     1 ||     1
Armor: Scale mail        |    24 |    31 |    21 ||    76
Dodge: Dodged            |    37 |    40 |    20 ||    97
Block: Buckler           |    13 |    18 |    12 ||    43

Levels and vault maps discovered:
D:1:      dpeg_arrival_houses_and_road, layout_loops_ring, minmay_tromino_v4_a
D:2:      layout_loops_corners, shapermc_ecumenical_altar_rom_forum, st_stairs_8
D:3:      layout_basic, amcnicky_altar_gilded
D:4:      layout_rooms, xom_confusion_cloud, serial_shops, nicolae_shop_crystal
D:5:      layout_basic, lemuel_doored_altar, uniq_duvessa

Notes
Turn   | Place    | Note
-------+----------+-------------------------------------------
     0 | D:1      | zeratav the Hill Orc Fighter began the quest for the Orb.
     0 | D:1      | Reached XP level 1. HP: 19/19 MP: 1/1
     0 | D:1      | magus.rc [v1.9.6]
    50 | D:1      | Reached skill level 3 in Axes
   268 | D:1      | Reached XP level 2. HP: 26/26 MP: 2/2
   485 | D:1      | Reached skill level 4 in Axes
  1202 | D:2      | Found a faded altar of an unknown god.
  1215 | D:2      | Got Plato's Collected Works on Fire
  1446 | D:2      | Reached XP level 3. HP: 31/31 MP: 3/3
  1767 | D:2      | Reached skill level 5 in Axes
  1978 | D:3      | Reached XP level 4. HP: 34/39 MP: 4/4
  2194 | D:3      | Found a shadowy altar of Dithmenos.
  2241 | D:3      | You pick up a book of Cantrips and begin reading...
  2241 | D:3      | You add the spells Animate Skeleton, Summon Small Mammal
                  | and Apportation to your library.
  2401 | D:3      | Reached skill level 6 in Axes
  2860 | D:4      | Found a shimmering altar of Xom.
  2893 | D:4      | Noticed a black bear
  2911 | D:4      | Killed a black bear
  2912 | D:4      | Reached skill level 7 in Axes
  2912 | D:4      | Reached XP level 5. HP: 45/45 MP: 5/5
  3084 | D:4      | Reached skill level 8 in Axes
  3084 | D:4      | Reached XP level 6. HP: 40/51 MP: 6/6
  3168 | D:4      | HP: 5/51 [ogre/+0 giant spiked club (16)]
  3171 | D:4      | Reached skill level 9 in Axes
  3545 | D:4      | Found Igoudoad's Antique Armour Shoppe.
  3790 | D:5      | Entered Level 5 of the Dungeon
  3805 | D:4      | Reached XP level 7. HP: 39/57 MP: 7/7
  3963 | D:5      | You pick up a book of Displacement and begin reading...
  3963 | D:5      | You add the spells Lesser Beckoning, Gell's Gravitas and
                  | Teleport Other to your library.
  4010 | D:5      | Reached skill level 10 in Axes
  4010 | D:5      | Reached skill level 4 in Fighting
  4085 | D:5      | HP: 14/60 [ice beast (10)]
  4093 | D:5      | Reached skill level 5 in Fighting
  4413 | D:5      | Found a glowing golden altar of the Shining One.
  4609 | D:5      | Reached skill level 6 in Fighting
  4693 | D:4      | HP: 10/64 [orc warrior/+0 broad axe (8)]
  4694 | D:4      | HP: 1/64 [orc warrior/+0 broad axe (9)]
  4696 | D:4      | Slain by an orc warrior

Vanquished Creatures
  An ice beast (D:5)
  A sky beast (D:5)
  A black bear (D:4)
  2 ogres (D:4)
  A water moccasin zombie (D:5)
  A jelly (D:5)
  A centaur skeleton (D:4)
  An iguana (D:3)
  2 orc wizards
  A gnoll (D:4)
  5 adders
  An ufetubus (D:5)
  An adder skeleton (D:4)
  An adder zombie (D:5)
  A worm (D:2)
  3 dart slugs
  11 orcs
  12 endoplasms
  A giant cockroach (D:2)
  5 hobgoblins
  3 quokkas
  7 ball pythons
  6 bats
  3 goblins
  2 kobolds
  3 rats
77 creatures vanquished.

Vanquished Creatures (others)
  A fungus (D:2)
  A plant (D:2)
2 creatures vanquished.

Grand Total: 79 creatures vanquished

Table legend:
 A = Non-vault XP
 B = Vault XP
 C = Vault XP percentage of total XP
 D = Non-vault monster count
 E = Vault monster count
 F = Vault count percentage of total count
                 A         B        C        D         E       F
            +---------+---------+-------+---------+---------+-------
      Total |     955 |     189 |  16.5 |      65 |      12 |  15.6
            +---------+---------+-------+---------+---------+-------
        D:1 |      20 |       4 |  16.7 |      12 |       2 |  14.3
        D:2 |      16 |      17 |  51.5 |       8 |       2 |  20.0
        D:3 |      70 |       0 |   0.0 |      13 |       0 |   0.0
        D:4 |     366 |     168 |  31.5 |      20 |       8 |  28.6
        D:5 |     483 |       0 |   0.0 |      12 |       0 |   0.0
            +---------+---------+-------+---------+---------+-------

Illustrated notes

Table legend:
 A = Kills in this place as a percentage of kills in entire the game.
 B = Kills by you in this place as a percentage of kills by you in the entire game.
 C = Kills by friends in this place as a percentage of kills by friends in the entire game.
 D = Other kills in this place as a percentage of other kills in the entire game.
 E = Experience gained in this place as a percentage of experience gained in the entire game.
 F = Experience gained in this place divided by the number of levels of this place that you have seen.
                   A       B       C       D       E      F
               +-------+-------+-------+-------+-------+----------------------
         Total | 100.0 | 100.0 |   N/A |   N/A | 100.0 | 228.8
       Dungeon | 100.0 | 100.0 |   N/A |   N/A | 100.0 | 228.8
               +-------+-------+-------+-------+-------+----------------------

Table legend: (Time is in decaauts)
 A = Elapsed time spent in this place.
 B = Non-inter-level travel time spent in this place.
 C = Inter-level travel time spent in this place.
 D = Time resting spent in this place.
 E = Time spent auto-exploring this place.
 F = Levels seen in this place.
 G = Mean time per level.
                   A        B        C        D        E       F      G
               +--------+--------+--------+--------+--------+-----+--------+
         Total |   4739 |   4615 |    124 |   1020 |   3012 |   5 |  947.8 |
       Dungeon |   4739 |   4615 |    124 |   1020 |   3012 |   5 |  947.8 |
               +--------+--------+--------+--------+--------+-----+--------+

Top non-repeatable levels by time:
     D:4: 1099 daAuts
     D:1: 1017 daAuts
     D:2: 951 daAuts
     D:3: 872 daAuts
     D:5: 798 daAuts
